 Dungeon Crawl Stone Soup version 0.31-a0-267-g3fc6992b3b (webtiles) character file.

Game seed: 7577594724021476859

105 qw the Shooter (level 4, -3/26 HPs)
             Began as a Gargoyle Hexslinger on July 13, 2023.
             Slain by a gnoll
             ... wielding a +0 flail
              (7 damage)
             ... on level 3 of the Dungeon.
             The game lasted 00:00:53 (1678 turns).

qw the Shooter (Gargoyle Hexslinger)                Turns: 1678, Time: 00:00:53

Health: -3/26      AC: 10    Str: 12    XL:     4   Next: 83%
Magic:  5/5        EV: 15    Int: 13    God:
Gold:   114        SH:  0    Dex: 14    Spells: 4/5 levels left

rFire   . . .        Y - +1 sling
rCold   . . .        (no shield)
rNeg    + . .        o - +0 ring mail
rPois   inf          m - +0 helmet
rElec   +            (no cloak)
rCorr   .            h - +0 pair of gloves
SInv    .            (no boots)
Will    .....        (no amulet)
Stlth   +            l - +5 ring of evasion
HPRegen 0.24/turn    (no ring)
MPRegen 0.09/turn

%: no passive effects
@: no status effects
A: sickness immunity, AC +3, negative energy resistance 1, electricity
resistance, torment resistance 1, petrification resistance
a: no special abilities


You were on level 3 of the Dungeon.
You visited 1 branch of the dungeon, and saw 3 of its levels.

You collected 114 gold pieces.


Innate Abilities, Weirdness & Mutations

You are immune to sickness and miasma.
Your stone body is resilient. (AC +3)
You are immune to poison.
You resist negative energy. (rN+)
You are resistant to electric shocks. (rElec)
You are resistant to unholy torment.
You are immune to petrification.


   Skills:
 - Level 2.0 Fighting
 - Level 4.5 Ranged Weapons
 + Level 0.0 Armour
 - Level 1.5 Dodging
 - Level 1.0 Spellcasting
 - Level 2.6 Hexes


You had 4 spell levels left.
You knew the following spells:

 Your Spells              Type           Power      Damage    Failure   Level
a - Slow                  Hex            28%        N/A       22%         1

Your spell library contained the following spells:

 Spells                   Type           Power      Damage    Failure   Level
 Inner Flame              Hex/Fire       4%         N/A       73%         3
 Portal Projectile        Hex/Tloc       8%         N/A       73%         3
 Cause Fear               Hex            3%         N/A       91%         4

Inventory:

Hand Weapons
 Y - a +1 sling (weapon)
Armour
 h - a +0 pair of gloves (worn)
 m - a +0 helmet (worn)
 o - a +0 ring mail (worn)
Jewellery
 l - a +5 ring of evasion (left hand)
Scrolls
 g - a scroll of identify
Potions
 b - 3 potions of curing
 d - a potion of ambrosia {unknown}
 f - a potion of brilliance {unknown}

Dungeon Overview and Level Annotations

Branches:
Dungeon (3/15)

Altars:


Message History

The sling bullet hits the gnoll but does no damage.
The gnoll is moderately wounded.
A giant cockroach comes into view.
The gnoll barely misses you.
You shoot a sling bullet.
The sling bullet barely misses the gnoll.
The gnoll misses you. The gnoll hits you but does no damage.
You shoot a sling bullet. The sling bullet hits the gnoll.
The gnoll is heavily wounded.
The gnoll misses you. x3
You shoot a sling bullet.
The sling bullet barely misses the gnoll.
The gnoll closely misses you.
You shoot a sling bullet. The sling bullet hits the gnoll!
The gnoll is heavily wounded.
The gnoll barely misses you.
The gnoll hits you from afar with a +0 spear.
You shoot a sling bullet.
The sling bullet barely misses the gnoll.
The gnoll hits you with a +0 flail. The gnoll barely misses you.
The gnoll hits you from afar with a +0 spear.
The gnoll misses you. The gnoll hits you with a +0 flail.
The gnoll closely misses you.
You shoot a sling bullet. The sling bullet hits the gnoll.
The gnoll is almost dead.
The gnoll barely misses you. The gnoll closely misses you. x2
You shoot a sling bullet.
The sling bullet completely misses the gnoll.
The gnoll hits you but does no damage. The gnoll barely misses you.
The gnoll hits you but does no damage.
You shoot a sling bullet.
The sling bullet hits the gnoll but does no damage.
The gnoll is severely wounded.
The gnoll barely misses you. The gnoll hits you but does no damage.
The gnoll misses you. x2; The gnoll closely misses you.
The gnoll hits you with a +0 flail.
You shoot a sling bullet. The sling bullet hits the gnoll!
You kill the gnoll!
The gnoll closely misses you. The gnoll hits you with a +0 flail!
You die...

#.# #.# #.# #
#.# ##. #.#
#..##.####
#........#
#..#.#.#.#
#...<#.@)#
#....#####g...#
###.. g##.# #.
.# # #. .# # ..
##


You could see 2 gnolls.

Vanquished Creatures
  A gnoll (D:3)
  5 adders
  A worm (D:2)
  2 endoplasms
  3 giant cockroaches (D:2)
  2 goblins (D:1)
  5 hobgoblins (D:1)
  4 jackals (D:1)
  4 quokkas
  8 ball pythons
  4 bats
  2 frilled lizards
  8 kobolds
  11 rats
60 creatures vanquished.

Notes
Turn   | Place    | Note
-------+----------+-------------------------------------------
     0 | D:1      | qw the Gargoyle Hexslinger began the quest for the Orb.
     0 | D:1      | Reached XP level 1. HP: 12/12 MP: 2/2
     0 | D:1      | 0 ||| qw: Version: 0.3-a-52-g30416fa
     0 | D:1      | 0 ||| qw: Game counter: 7714
     0 | D:1      | 0 ||| qw: Melee chars always use a shield: true
     0 | D:1      | 0 ||| qw: God list: Okawaru
     0 | D:1      | 0 ||| qw: Allow faded altars: false
     0 | D:1      | 0 ||| qw: Do Orc after clearing Dungeon:15 true
     0 | D:1      | 0 ||| qw: Do second Lair branch before Depths: true
     0 | D:1      | 0 ||| qw: Lair rune preference: random
     0 | D:1      | 0 ||| qw: Goals: Normal
     0 | D:1      | 0 ||| PLANNING D:1-11
    35 | D:1      | 35 ||| DROPPING scroll of poison.
    77 | D:1      | Reached XP level 2. HP: 16/16 MP: 3/3
   125 | D:1      | Reached skill level 3 in Ranged Weapons
   263 | D:1      | 263 ||| FLEEEEING.
   267 | D:1      | 267 ||| FLEEEEING.
   272 | D:1      | Reached XP level 3. HP: 21/21 MP: 4/4
   724 | D:1      | 724 ||| READING scroll labelled FUEPLU DUEGG.
   725 | D:1      | 725 ||| READING scroll labelled BOESME QEMO PEH.
   729 | D:1      | 729 ||| DRINKING 2 purple potions.
   743 | D:2      | 743 ||| STAIRDANCE
   869 | D:2      | Reached skill level 4 in Ranged Weapons
   869 | D:2      | Reached XP level 4. HP: 26/26 MP: 5/5
  1288 | D:2      | Found a faded altar of an unknown god.
  1564 | D:2      | 1564 ||| UPGRADING to +0 pair of gloves.
  1569 | D:2      | 1569 ||| UPGRADING to +0 leather armour.
  1579 | D:2      | 1579 ||| DROPPING +0 robe.
  1580 | D:2      | 1580 ||| UPGRADING to +0 helmet.
  1585 | D:2      | 1585 ||| UPGRADING to +0 ring mail.
  1595 | D:2      | 1595 ||| DROPPING +0 leather armour.
  1596 | D:2      | 1596 ||| UPGRADING to +5 ring of evasion.
  1597 | D:2      | 1597 ||| READING 2 scrolls labelled LANTIN OWIPAECS.
  1598 | D:2      | 1598 ||| READING scroll labelled ZEITZI BUHIKK.
  1618 | D:2      | 1618 ||| READING 2 scrolls labelled HIUSIBR MACK.
  1619 | D:2      | 1619 ||| READING 2 scrolls labelled SUTATY FEXIRU.
  1620 | D:2      | 1620 ||| READING scroll labelled BEUPIE IPOOTO.
  1621 | D:2      | 1621 ||| READING scroll labelled VICI QOSCHE.
  1622 | D:2      | 1622 ||| DROPPING scroll of fear.
  1623 | D:2      | 1623 ||| DROPPING scroll of blinking.
  1674 | D:3      | HP: 6/26 [gnoll/+0 flail (2)]
  1678 | D:3      | Slain by a gnoll

Levels and vault maps discovered:
D:1:      lightli_arrival_boilingwater, layout_basic, serial_rivers,
          chequers_serial_rivers_large_b, chequers_serial_rivers_small_b,
          chequers_serial_rivers_room_b, chequers_serial_rivers_micro_d,
          chequers_serial_rivers_marsh, chequers_serial_rivers_room_a
D:2:      minmay_chambers_of_twos, layout_loops_ring,
          shapermc_ecumenical_altar_gd
D:3:      layout_loops_ring

Skill      XL: |  1  2  3 |
---------------+----------+-----
Ranged Weapons | 3 4 |  4.5
Fighting       | 2 |  2.0
Dodging        | |  1.5
Spellcasting   | |  1.0
Hexes          | |  2.6

Action                     |  1- 3 |  4- 6 || total
---------------------------+-------+-------++-------
   Fire: Sling             |   131 |    73 ||   204
    Use: Scroll            |     2 |     6 ||     8
         Potion            |     1 |       ||     1
 Armour: Robe              |    27 |     5 ||    32
         Ring mail         |       |     4 ||     4
  Dodge: Dodged            |    55 |    36 ||    91

Table legend:
 A = Non-vault XP
 B = Vault XP
 C = Vault XP percentage of total XP
 D = Non-vault monster count
 E = Vault monster count
 F = Vault count percentage of total count
                 A         B        C        D         E       F
            +---------+---------+-------+---------+---------+-------
      Total |     140 |      26 |  15.7 |      52 |       8 |  13.3
            +---------+---------+-------+---------+---------+-------
        D:1 |      73 |       0 |   0.0 |      32 |       0 |   0.0
        D:2 |      52 |      26 |  33.3 |      19 |       8 |  29.6
        D:3 |      15 |       0 |   0.0 |       1 |       0 |   0.0
            +---------+---------+-------+---------+---------+-------
